 Dungeon Crawl Stone Soup version 0.27-a0-1548-gf8a67e7463 (webtiles) character file.

Game seed: 6949426908821601979

1587 Demosthentine the Spear-Bearer (level 8, -7/64 HPs)
             Began as a Merfolk Gladiator on July 14, 2021.
             Mangled by an ice devil (12 damage)
             ... summoned by a kobold demonologist
             ... on level 5 of the Dungeon.
             The game lasted 00:04:36 (6719 turns).

Demosthentine the Spear-Bearer (Merfolk Gladiator)  Turns: 6719, Time: 00:04:37

Health: -7/64      AC:  8    Str: 16    XL:     8   Next: 92%
Magic:  8/8        EV: 16    Int:  7    God:
Gold:   238        SH:  0    Dex: 16    Spells: 7/7 levels left

rFire    . . .     SeeInvis .   a - +1 trident
rCold    . . .     Faith    .   (no shield)
rNeg     . . .     Spirit   .   b - +0 leather armour
rPois    .         Reflect  .   c - +0 helmet
rElec    .         Harm     .   m - +0 cloak
rCorr    .         Rampage  .   t - +0 pair of gloves
Will     .....                  k - +0 pair of boots
Stlth    +.........             (no amulet)
HPRegen  0.20/turn              (no ring)
MPRegen  0.11/turn              (no ring)

@: no status effects
A: (nimble swimmer 2), mertail
a: no special abilities


You were on level 5 of the Dungeon.
You visited 1 branch of the dungeon, and saw 6 of its levels.

You collected 238 gold pieces.

Inventory:

Hand Weapons
 a - a +1 trident (weapon)
Armour
 b - a +0 leather armour (worn)
 c - a +0 helmet (worn)
 k - a +0 pair of boots (worn)
 m - a +0 cloak (worn)
 t - a +0 pair of gloves (worn)
Jewellery
 p - a ring of flight
Scrolls
 o - 3 scrolls of teleportation
 s - 2 scrolls of blinking
Potions
 d - a potion of magic {unknown}
 e - 3 potions of degeneration {unknown}
 f - 2 potions of curing
 g - a potion of flight {unknown}
 h - a potion of cancellation {unknown}
 i - 2 potions of mutation {unknown}
 j - a potion of berserk rage {unknown}
 l - 2 potions of attraction {unknown}
 n - a potion of lignification {unknown}
 r - a potion of heal wounds {unknown}
 u - a potion of ambrosia {unknown}


   Skills:
 + Level 6.3 Fighting
 + Level 9.0 Polearms
 - Level 2.0 Throwing
 + Level 3.9 Armour
 + Level 8.2 Dodging


You had 7 spell levels left.
You didn't know any spells.
Your spell library contained the following spells:

 Spells                   Type           Power      Damage    Failure   Level
 Ensorcelled Hibernation  Hex/Ice        0%         N/A       63%         2
 Gell's Gravitas          Tloc           0%         N/A       86%         3
 Lesser Beckoning         Tloc           0%         N/A       86%         3
 Spider Form              Tmut/Pois      0%         N/A       86%         3
 Teleport Other           Tloc           0%         N/A       86%         3
 Shadow Creatures         Summ           N/A        N/A       100%        6


Dungeon Overview and Level Annotations

Branches:
Dungeon (6/15)
 Temple: D:4-7

Altars:
Kikubaaqudgha
Qazlal
Sif Muna
Trog
Uskayaw
Wu Jian

Shops:
D:6 =


Innate Abilities, Weirdness & Mutations

((You are quick and stealthy near water. (Stealth+, EV+, Speed+++)))
Your lower body shifts to a powerful aquatic tail in water.


Message History

The quokka closely misses you.
Unknown command.
The kobold demonologist gestures wildly while chanting.
The kobold demonologist casts a cantrip, but nothing happens.
The ynoxinul gestures.
The ynoxinul gestures.
The ynoxinul gestures.
The quokka closely misses you.
You barely miss the quokka.
The white imp disappears for a moment.
You puncture the quokka!
You kill the quokka!
You puncture the white imp!
The white imp is severely wounded.
The white imp hits you but does no damage.
You closely miss the white imp.
The white imp is severely wounded.
The hellwing swoops through the air toward you!
The hellwing hits you but does no damage.
The hellwing barely misses you. The white imp gestures at you.
The puff of frost misses you.
The puff of frost hits the hellwing!
You puncture the white imp!
You kill the white imp!
The hellwing closely misses you. The hellwing barely misses you.
The ufetubus misses you. The ufetubus closely misses you.
Unknown command.
You hit the ufetubus.
The ufetubus is moderately wounded.
The ufetubus barely misses you. The ufetubus misses you.
The hellwing barely misses you. The hellwing misses you.
Unknown command.
You puncture the ufetubus!
You kill the ufetubus!
The hellwing hits you. x2
Unknown command.
The ice devil hits you! The ice devil freezes you!
* * * LOW HITPOINT WARNING * * *
You hit the ice devil but do no damage. The ice devil hits you!
You die...

#...#.............####...
#.############.........#.
#.##### ###...##.... ####.#...#
#..#...##.. #....#...#
######.####..... #.##.....#
#.........####.. #.###....#
#.>.......# #.. #.#
##...####55.......# #.. #>#
#.....4@453...[...# #..
#####)###....####5........# #.#
#.......#..### #.........# #..
#..........## #.........# ##.
#........#..### #.........# #.
#.......#.....# ########### #.
#.......#.....# #.
#.......#.....# ###############.
#.......#.....###...............


You could see a hellwing (summoned), an ice devil (summoned), a ynoxinul
(summoned) and 4 ufetubi.

Vanquished Creatures
  An ice beast (D:5)
  A centaur (D:6)
  2 ogres
  3 necrophages
  2 bullfrogs
  A gnoll sergeant (D:6)
  A scorpion (D:4)
  A hound (D:4)
  2 jellies
  Crazy Yiuf (D:2)
  Natasha (thrice) (D:2)
  5 orc wizards
  6 iguanas
  A killer bee zombie (D:5)
  3 hound skeletons
  Robin (D:4)
  7 adders
  5 gnolls (D:6)
  2 ufetubi
  An adder skeleton (D:4)
  A worm (D:4)
  3 dart slugs
  7 orcs
  4 bats
  8 endoplasms
  5 giant cockroaches
  11 goblins
  7 hobgoblins
  A jackal (D:4)
  4 quokkas
  4 ball pythons
  7 frilled lizards
  8 kobolds
  5 rats
124 creatures vanquished.

Notes
Turn   | Place    | Note
-------+----------+-------------------------------------------
     0 | D:1      | Demosthentine the Merfolk Gladiator began the quest for the
                  | Orb.
     0 | D:1      | Reached XP level 1. HP: 16/16 MP: 1/1
   546 | D:1      | Reached XP level 2. HP: 23/23 MP: 2/2
  1191 | D:2      | Reached XP level 3. HP: 28/28 MP: 3/3
  1265 | D:2      | Found a faded altar of an unknown god.
  1434 | D:2      | Noticed Natasha
  1445 | D:2      | Killed Natasha
  1446 | D:2      | Reached skill level 5 in Polearms
  1446 | D:2      | Reached skill level 1 in Armour
  1446 | D:2      | Reached XP level 4. HP: 13/35 MP: 4/4
  1725 | D:2      | Noticed Natasha
  1743 | D:2      | Killed Natasha
  1744 | D:2      | Reached skill level 5 in Dodging
  1774 | D:2      | Noticed Natasha
  1783 | D:2      | Killed Natasha
  1784 | D:2      | Reached XP level 5. HP: 3/41 MP: 5/5
  2303 | D:2      | Found a runed translucent door.
  2304 | D:2      | Noticed Crazy Yiuf
  2312 | D:2      | Killed Crazy Yiuf
  2401 | D:3      | Found a bloodstained altar of Trog.
  2596 | D:3      | Found a hide-covered altar of Uskayaw.
  2601 | D:3      | Found an ornate altar of the Wu Jian Council.
  2764 | D:3      | Found a shimmering blue altar of Sif Muna.
  2853 | D:4      | Noticed an ogre
  2884 | D:3      | Killed an ogre
  2885 | D:3      | Reached skill level 6 in Polearms
  2885 | D:3      | Reached XP level 6. HP: 29/48 MP: 6/6
  3014 | D:4      | Found a stormy altar of Qazlal.
  3424 | D:4      | Noticed a necrophage
  3440 | D:4      | Killed a necrophage
  3441 | D:4      | Reached XP level 7. HP: 47/55 MP: 7/7
  3818 | D:4      | Reached skill level 7 in Polearms
  3971 | D:4      | Noticed Robin
  4008 | D:4      | Killed Robin
  4474 | D:5      | Entered Level 5 of the Dungeon
  4483 | D:5      | Reached skill level 5 in Fighting
  4576 | D:5      | Reached XP level 8. HP: 31/62 MP: 8/8
  4931 | D:5      | Reached skill level 8 in Polearms
  5388 | D:5      | Found an ancient bone altar of Kikubaaqudgha.
  6103 | D:6      | Found Imeli's Jewellery Shop.
  6338 | D:6      | Noticed a kobold demonologist
  6347 | D:6      | Noticed a hellwing
  6350 | D:6      | Noticed a red devil
  6614 | D:5      | Reached skill level 9 in Polearms
  6702 | D:5      | Noticed an ice devil
  6707 | D:5      | Noticed a ynoxinul
  6708 | D:5      | Noticed a hellwing
  6719 | D:5      | Mangled by an ice devil

Illustrated notes

Levels and vault maps discovered:
D:1:      heliophobic_arrival_glass_houses, layout_loops_ring,
          minmay_pentomino_r2
D:2:      layout_basic, dreamdust_ecumenical_altar_statues,
          uniq_crazy_yiuf_cottage, uniq_natasha
D:3:      layout_rooms, bloody_trog, minitemple, lemuel_blue_sif_altar
D:4:      layout_cave_pools, dk_noncrumbling_3, minmay_ruined_shrine, uniq_robin
D:5:      layout_rooms, general_overflow_altar
D:6:      layout_gridville, serial_shops, shop_statue, minmay_manual_mail

Skill      XL: |  1  2  3  4  5  6  7  8 |
---------------+-------------------------+-----
Fighting       | 3 4 5 6 |  6.3
Polearms       | 5 6 7 9 |  9.0
Armour         | 1 2 3 |  3.9
Dodging        | 5 6 7 8 |  8.2
Throwing       | |  2.0

Action                   |  1- 3 |  4- 6 |  7- 9 || total
-------------------------+-------+-------+-------++-------
Melee: Trident           |    96 |   150 |   327 ||   573
Throw: Throwing net      |       |     3 |       ||     3
  Use: Scroll            |     1 |     2 |     5 ||     8
       Potion            |       |     1 |     1 ||     2
 Stab: Sleeping          |     4 |     2 |       ||     6
Armor: Leather armour    |    24 |    21 |    84 ||   129
Dodge: Dodged            |    47 |    76 |   193 ||   316

Table legend: (Time is in decaauts)
 A = Elapsed time spent in this place.
 B = Non-inter-level travel time spent in this place.
 C = Inter-level travel time spent in this place.
 D = Time resting spent in this place.
 E = Time spent auto-exploring this place.
 F = Levels seen in this place.
 G = Mean time per level.
                   A        B        C        D        E       F      G
               +--------+--------+--------+--------+--------+-----+--------+
         Total |   6689 |   6547 |    142 |    192 |   5412 |   6 | 1114.8 |
       Dungeon |   6689 |   6547 |    142 |    192 |   5412 |   6 | 1114.8 |
               +--------+--------+--------+--------+--------+-----+--------+

Top non-repeatable levels by time:
     D:5: 1553 daAuts
     D:4: 1481 daAuts
     D:2: 1210 daAuts
     D:1: 1172 daAuts
     D:6: 670 daAuts
     D:3: 601 daAuts
